 Dungeon Crawl Stone Soup version 0.29.1-12-g30fa7ad0bf (webtiles) character file.

Game seed: 7808779320914419041

19171 cheesebisquit the Severer (level 12, 0/94 HPs)
             Began as a Minotaur Berserker on Dec 24, 2022.
             Was a Priest of Trog.
             Slain by an ice devil (3 damage)
             ... summoned by Frances
             ... on level 12 of the Dungeon.
             The game lasted 00:46:33 (13622 turns).

cheesebisquit the Severer (Minotaur Berserker)     Turns: 13622, Time: 00:46:34

Health: 0/94       AC: 18    Str: 27    XL:     12   Next: 34%
Magic:  11/11      EV:  7    Int:  4    God:    Trog [***...]
Gold:   722        SH: 12    Dex: 10    Spells: 11/11 levels left

rFire   . . .      SeeInvis .   Q - +6 war axe
rCold   . . .      Faith    .   N - +0 kite shield
rNeg    + . .      Spirit   .   x - +1 plate armour
rPois   .          Reflect  .   (helmet restricted)
rElec   .          Harm     .   E - +1 cloak
rCorr   .          Rampage  .   n - +1 pair of gloves
Will    .....                   L - +0 pair of boots
Stlth   ..........              h - amulet of magic regeneration
HPRegen 0.25/turn               R - ring of positive energy
MPRegen 0.52/turn               (no ring)

@: on berserk cooldown, slowed, invisible, very slow
A: horns 2, retaliatory headbutt
a: Renounce Religion, Berserk, Trog's Hand


You were on level 12 of the Dungeon.
You worshipped Trog.
Trog was most pleased with you.
You visited 1 branch of the dungeon, and saw 12 of its levels.

You collected 722 gold pieces.

Inventory:

Hand Weapons
 a - a +0 hand axe
 v - a +0 war axe
 H - a +0 short sword
 Q - a +6 war axe (weapon)
Missiles
 u - 111 stones (quivered)
 z - 29 poisoned darts
 J - a curare-tipped dart
 O - a throwing net
Armour
 b - a +0 animal skin
 e - a +0 chain mail
 j - a scarf of shadows
 n - a +1 pair of gloves (worn)
 x - a +1 plate armour (worn)
 E - a +1 cloak (worn)
 F - a +0 buckler
 K - the +1 ring mail "Duleqa" {Will- rCorr Str+6}
   (You found it on level 7 of the Dungeon)

   Str:       It affects your strength (+6).
   rCorr:     It protects you from acid and corrosion.
   Will:      It decreases your willpower.
 L - a +0 pair of boots (worn)
 N - a +0 kite shield (worn)
Jewellery
 h - an amulet of magic regeneration (around neck)
 R - a ring of positive energy (left hand)
 S - a ring of ice
Wands
 k - a wand of paralysis (4)
 m - a wand of quicksilver (9)
 q - a wand of digging (3)
 y - a wand of roots (22)
 A - a wand of flame (36)
 I - a wand of mindburst (29)
Scrolls
 l - 2 scrolls of identify
 o - a scroll of teleportation
 p - a scroll of brand weapon {unknown}
 t - a scroll of blinking
 w - 2 scrolls of poison
 D - a scroll of amnesia {unknown}
 G - a scroll of magic mapping {unknown}
 M - a scroll of fog {unknown}
 P - a scroll of vulnerability {unknown}
 T - a scroll of immolation {unknown}
Potions
 c - 4 potions of cancellation
 d - a potion of magic
 f - a potion of haste {unknown}
 g - 3 potions of curing
 i - 3 potions of attraction
 r - 6 potions of lignification
 s - 3 potions of mutation
 C - 5 potions of flight


   Skills:
 - Level 5.3 Fighting
 - Level 18.8 Axes
 - Level 4.4 Armour
 - Level 4.1 Dodging
 + Level 13.8 Shields


You had 11 spell levels left.
You didn't know any spells.
Your spell library was empty.

Dungeon Overview and Level Annotations

Branches:
Dungeon (12/15)            Temple (0/1) D:4            Lair (0/5) D:11
    Orc (0/2) D:11

Altars:
Gozag
Makhleb
Okawaru
Sif Muna
Vehumet
Zin
Lugonu

Shops:
D:4 !

Portals:
Abyss: D:11

Annotations:
D:4 3 runed translucent doors, Unforgiven's ghost, amateur NaFi
D:10 exclusion: orange crystal statue
D:11 6 runed translucent doors
D:12 Frances


Innate Abilities, Weirdness & Mutations

You have a pair of horns on your head.
You reflexively headbutt those who attack you in melee.


Message History

You see here a +1 scimitar of flaming.
Calm down first, please.
You start resting.
You feel a strong urge to attack something.
A fire elemental comes into view.
A hell hound, a fire elemental and Frances come into view.
You are no longer berserk.
You are exhausted.
You feel yourself slow down.
The hell hound barks!
Frances shouts!
The fire elemental hits you. The fire elemental burns you!
You slice the fire elemental!!
Your headbutt misses the fire elemental.
The fire elemental is severely damaged.
The fire elemental hits you. The fire elemental burns you!
You slash the fire elemental! You headbutt the fire elemental.
You destroy the fire elemental!
Trog accepts your kill.
Your skin stops crawling.
You feel less strong-willed. The hell hound breathes flames at you.
The blast of flame hits you!
* * * LOW HITPOINT WARNING * * *
Frances is engulfed in blazing flames.
Okay, then.
Frances hits you with a +0 scimitar!
* * * LOW HITPOINT WARNING * * *
You block Frances's attack.
You slash Frances!
Frances is lightly wounded.
Frances chants phrases taken from a devil's mouth.
You feel better.
Frances says, "I have seen worlds and universes beyond all imagining."
Frances completely misses you. You furiously retaliate!
You headbutt Frances, but do no damage.
The ice devil hits you but does no damage.
Frances hits you with a +0 scimitar!
* * * LOW HITPOINT WARNING * * *
You fade into invisibility!
The ice devil hits you.
You die...

+...... ###.... #....
####. #. # #+# #.
.##.# #.# #.
.....E#### #.# #.
.....h@@4###.### #.
###..###.##....# #. #
#)#.....### #.
#.#.......######.
...###.#..............
#..............#######
##.###.###...### #.#
#...# ..# #####


You could see Frances, an ice devil (summoned, unable to see you), a fire
elemental (unable to see you) and a hell hound.

Vanquished Creatures
  Azrael (D:12)
  Fannar (D:10)
  A boulder beetle (D:11)
  Erica (D:10)
  2 hydras (D:11)
  3 two-headed ogres
  An orc knight (D:11)
  A deep elf pyromancer (D:11)
  2 ugly things (D:11)
  An elephant (D:11)
  2 cyclopes (D:11)
  2 manticores (D:11)
  Joseph (D:7)
  2 gargoyles (D:11)
  2 trolls
  A hornet (D:11)
  Grinder (D:4)
  Prince Ribbit (D:8)
  2 shadows (D:10)
  2 wraiths
  A vampire (D:11)
  2 basilisks (D:11)
  2 wyverns
  3 fire elementals (D:12)
  16 yaks
  Menkaure (D:5)
  An acid dragon (D:8)
  Duvessa (D:7)
  2 ice beasts (D:7)
  An orc warrior (D:8)
  A black bear (D:4)
  A sky beast (D:6)
  4 ogres
  2 centaurs (D:9)
  2 phantoms
  4 kobold brigands
  2 bullfrogs
  3 gnoll sergeants
  6 scorpions
  5 wights (D:9)
  Dowan (D:7)
  14 killer bees
  5 howler monkeys
  2 jellies (D:5)
  Crazy Yiuf (D:2)
  3 orc priests
  A gnoll bouda (D:7)
  5 hounds
  7 orc wizards
  8 adders
  15 gnolls
  2 worms (D:3)
  2 dart slugs
  27 orcs
  6 ball pythons
  6 endoplasms
  A giant cockroach (D:1)
  6 goblins
  3 hobgoblins
  8 jackals (D:3)
  29 kobolds
  6 quokkas
  3 bats
  3 frilled lizards (D:1)
  3 rats
257 creatures vanquished.

Vanquished Creatures (others)
  A fungus (D:11)
  12 plants (D:1)
13 creatures vanquished.

Grand Total: 270 creatures vanquished

Notes
Turn   | Place    | Note
-------+----------+-------------------------------------------
     0 | D:1      | cheesebisquit the Minotaur Berserker began the quest for
                  | the Orb.
     0 | D:1      | Reached XP level 1. HP: 19/19 MP: 0/0
   472 | D:1      | Reached XP level 2. HP: 16/27 MP: 1/1
  1221 | D:2      | Found a faded altar of an unknown god.
  1357 | D:2      | Found a runed translucent door.
  1358 | D:2      | Noticed Crazy Yiuf
  1513 | D:2      | Reached skill level 4 in Axes
  1643 | D:2      | Killed Crazy Yiuf
  1644 | D:2      | Reached XP level 3. HP: 33/33 MP: 2/2
  2018 | D:3      | Reached XP level 4. HP: 40/40 MP: 3/3
  2110 | D:3      | Found an iron altar of Okawaru.
  2110 | D:3      | Found a shimmering blue altar of Sif Muna.
  2502 | D:3      | Reached ** piety under Trog
  2503 | D:3      | Reached XP level 5. HP: 47/47 MP: 4/4
  2507 | D:3      | Found a burning altar of Makhleb.
  2507 | D:3      | Noticed a blizzard demon
  2882 | D:4      | Found a glowing silver altar of Zin.
  2922 | D:4      | Noticed an ogre
  2924 | D:4      | Found Baulib's Distillery.
  2928 | D:4      | Killed an ogre
  2929 | D:4      | Reached skill level 5 in Fighting
  2929 | D:4      | Reached skill level 5 in Axes
  2932 | D:4      | Found a runed translucent gate.
  2974 | D:4      | Noticed a black bear
  2984 | D:4      | Killed a black bear
  2985 | D:4      | Reached XP level 6. HP: 47/56 MP: 5/5
  3051 | D:4      | Found a staircase to the Ecumenical Temple.
  3217 | D:4      | Noticed Grinder
  3227 | D:4      | Paralysed by Grinder for 4 turns
  3237 | D:4      | Killed Grinder
  3238 | D:4      | Reached skill level 7 in Axes
  3238 | D:4      | Reached XP level 7. HP: 42/61 MP: 6/6
  3401 | D:4      | Found a runed translucent gate.
  3403 | D:4      | Found a runed translucent gate.
  3403 | D:4      | Found an opulent altar of Gozag.
  3405 | D:4      | Noticed Unforgiven's ghost (amateur NaFi)
  3646 | D:5      | Entered Level 5 of the Dungeon
  3648 | D:5      | Noticed Menkaure
  3656 | D:5      | Reached skill level 8 in Axes
  3657 | D:5      | Killed Menkaure
  3861 | D:5      | Reached skill level 9 in Axes
  3894 | D:5      | Reached XP level 8. HP: 55/68 MP: 7/7
  3996 | D:5      | Reached skill level 10 in Axes
  4580 | D:5      | Reached skill level 11 in Axes
  5125 | D:6      | Reached skill level 12 in Axes
  5895 | D:7      | Reached XP level 9. HP: 74/74 MP: 8/8
  5930 | D:7      | Noticed Duvessa
  5937 | D:7      | Noticed Dowan
  5965 | D:7      | Killed Duvessa
  5966 | D:7      | Reached skill level 13 in Axes
  5989 | D:7      | Killed Dowan
  6461 | D:7      | Identified the +1 ring mail "Duleqa" {Will- rCorr Str+6}
  6496 | D:7      | Noticed Joseph
  6513 | D:7      | Killed Joseph
  6514 | D:7      | Reached skill level 14 in Axes
  7064 | D:8      | Reached skill level 15 in Axes
  7308 | D:8      | Noticed Prince Ribbit
  7315 | D:8      | Killed Prince Ribbit
  7506 | D:8      | Reached *** piety under Trog
  7569 | D:8      | Found an opulent altar of Gozag.
  7977 | D:9      | Found a radiant altar of Vehumet.
  8211 | D:9      | Reached XP level 10. HP: 81/81 MP: 9/9
  8219 | D:9      | Reached skill level 16 in Axes
  9235 | D:10     | Entered Level 10 of the Dungeon
  9390 | D:10     | Noticed Fannar
  9409 | D:10     | Killed Fannar
  9410 | D:10     | Reached skill level 17 in Axes
  9672 | D:10     | Reached skill level 18 in Axes
  9776 | D:10     | Noticed a two-headed ogre
  9785 | D:10     | Killed a two-headed ogre
 10199 | D:10     | Reached XP level 11. HP: 78/88 MP: 10/10
 10319 | D:10     | Reached skill level 1 in Shields
 10436 | D:10     | Noticed an orange crystal statue
 10937 | D:10     | Noticed Erica
 10947 | D:10     | Killed Erica
 11566 | D:11     | Reached skill level 5 in Shields
 11653 | D:11     | Found a staircase to the Orcish Mines.
 11752 | D:11     | Noticed a two-headed ogre
 11759 | D:11     | Killed a two-headed ogre
 11912 | D:11     | Found a large runed translucent door.
 11913 | D:11     | Found a large runed translucent door.
 11922 | D:11     | Noticed a seven-headed hydra
 11927 | D:11     | Killed a ten-headed hydra
 11927 | D:11     | Noticed a purple ugly thing
 11936 | D:11     | Killed a purple ugly thing
 11943 | D:11     | Noticed a boulder beetle
 11956 | D:11     | Noticed a deep elf pyromancer
 11974 | D:11     | Killed a deep elf pyromancer
 11981 | D:11     | Killed a boulder beetle
 12250 | D:11     | Noticed a boulder beetle
 12250 | D:11     | Noticed an ogre mage
 12256 | D:11     | Found a large runed translucent door.
 12256 | D:11     | Found a large runed translucent door.
 12258 | D:11     | Noticed a two-headed ogre
 12266 | D:11     | Killed a two-headed ogre
 12267 | D:11     | Reached skill level 10 in Shields
 12307 | D:11     | Noticed a four-headed hydra
 12317 | D:11     | Killed a ten-headed hydra
 12498 | D:11     | Found a staircase to the Lair.
 12836 | D:11     | Reached XP level 12. HP: 94/94 MP: 11/11
 12925 | D:11     | Found a one-way gate to the infinite horrors of the Abyss.
 12925 | D:11     | Identified the +0 dagger "Yfa Dian" {distort, MP+9 SInv}
 12925 | D:11     | Identified the +1 robe of Absolutism {Str+4}
 13385 | D:11     | Found a large runed translucent door.
 13385 | D:11     | Found a large runed translucent door.
 13413 | D:11     | Found a corrupted altar of Lugonu.
 13591 | D:12     | Noticed Azrael
 13613 | D:12     | Killed Azrael
 13616 | D:12     | Noticed Frances
 13621 | D:12     | HP: 3/94 [Frances/+0 scimitar (15)]
 13622 | D:12     | Slain by an ice devil

Illustrated notes

Levels and vault maps discovered:
D:1:      roderic_crop_circles_arrival_small, layout_loops_ring, serial_glass,
          glass_columns_b, glass_columns_b
D:2:      layout_basic, basic_ecumenical_altar, dk_vineyard_1, uniq_jessica,
          uniq_crazy_yiuf_cottage
D:3:      layout_basic, minitemple, makhleb_altar_promises_db, st_stairs_4
D:4:      layout_basic, lemuel_doored_altar, minmay_temple_entry_ruins,
          serial_shops, nicolae_stop_n_shop_1, ebering_ghost_gozag, uniq_grinder
D:5:      layout_rooms, amcnicky_mini_rare_corridor_liquid, uniq_menkaure
D:6:      layout_gridville
D:7:      layout_basic, uniq_joseph, uniq_duvessa
D:8:      layout_loops_ring, grunt_gozag_breadcrumbs, uniq_prince_ribbit1
D:9:      layout_long_grid, vehumet_altar_wand_db
D:10:     layout_grid_maze, minivault_16, uniq_erica, uniq_fannar
D:11:     due_chaos_kobolds, layout_grid_maze, david_lair_generic, orc_0_dummy,
          chequers_serial_rivers_room_b, minmay_hollow_rounded_squares
D:12:     layout_loops_corners, special_room [special_room_orc], uniq_azrael,
          uniq_frances, uniq_josephine

Skill      XL: |  1  2  3  4  5  6  7  8  9 10 11 12 |
---------------+-------------------------------------+-----
Axes           | 4 5 7 9 12 15 18 | 18.8
Fighting       | 4 5 |  5.3
Armour         | 3 4 |  4.4
Dodging        | 3 4 |  4.1
Shields        | 11 13 | 13.8

Action                   |  1- 3 |  4- 6 |  7- 9 | 10-12 || total
-------------------------+-------+-------+-------+-------++-------
Melee: Hand axe          |    68 |   102 |   317 |    58 ||   545
       Headbutt          |     7 |    22 |    61 |    71 ||   161
       Punch             |       |       |     2 |       ||     2
       War axe           |       |       |       |   268 ||   268
Invok: Berserk           |     2 |     2 |     7 |    13 ||    24
       Trog's Hand       |       |       |     6 |    11 ||    17
  Use: Scroll            |       |       |       |    20 ||    20
       Potion            |       |       |       |     8 ||     8
Armor: Animal skin       |     2 |       |       |       ||     2
       Chain mail        |    22 |    14 |       |       ||    36
       Plate armour      |       |    48 |   184 |   163 ||   395
Dodge: Dodged            |    32 |    39 |    94 |    80 ||   245
Block: Buckler           |       |       |    31 |     6 ||    37
       Kite shield       |       |       |       |    93 ||    93
